 Seeded DCSS version 0.29.1-13-g9f3cf754e1 (webtiles) character file.

Game seed: 1 (custom seed)

7 Kazon the Trooper (level 1, 0/18 HPs)
             Began as a Demonspawn Fighter on Feb 1, 2023.
             Slain by a goblin
             ... wielding a +0 club
              (3 damage)
             ... on level 1 of the Dungeon.
             The game lasted 00:02:03 (208 turns).

Kazon the Trooper (Demonspawn Fighter)               Turns: 208, Time: 00:02:03

Health: 0/18       AC:  8    Str: 16    XL:     1   Next: 91%
Magic:  1/1        EV:  8    Int:  9    God:
Gold:   45         SH:  4    Dex: 12    Spells: 0/0 levels left

rFire   . . .      SeeInvis .   a - +0 long sword
rCold   . . .      Faith    .   c - +0 buckler
rNeg    . . .      Spirit   .   b - +0 scale mail
rPois   .          Reflect  .   (no helmet)
rElec   .          Harm     .   (no cloak)
rCorr   +          Rampage  .   e - +1 pair of gloves of the Doldrums {-Cast +Blink Regen+ rCorr}
Will    .....      NoCast   +   (no boots)
Stlth   ..........              f - amulet of the acrobat
HPRegen 0.06/turn               (no ring)
MPRegen 0.07/turn               (no ring)

@: no status effects
A: no striking features
a: Evoke Blink


You were on level 1 of the Dungeon.
You visited 1 branch of the dungeon, and saw 1 of its levels.

You collected 45 gold pieces.

Inventory:

Hand Weapons
 a - a +0 long sword (weapon)
Armour
 b - a +0 scale mail (worn)
 c - a +0 buckler (worn)
 e - the +1 pair of gloves of the Doldrums (worn) {-Cast +Blink Regen+ rCorr}
   (You acquired it on level 1 of the Dungeon)

   +Blink:    It lets you blink.
   -Cast:     It prevents spellcasting.
   Regen:     It increases your rate of health regeneration.
   rCorr:     It protects you from acid and corrosion.
Jewellery
 f - an amulet of the acrobat (around neck)
Potions
 d - a potion of might
 g - a potion of haste {unknown}
 h - a potion of flight {unknown}


   Skills:
 + Level 3.1 Fighting
 + Level 1.8 Long Blades
 + Level 2.9 Armour
 + Level 2.8 Shields


You couldn't memorise any spells.
You didn't know any spells.
Your spell library was empty.

Dungeon Overview and Level Annotations

Branches:
Dungeon (1/15)

Altars:


Message History

The kobold shouts!
An endoplasm comes into view.
The endoplasm quivers.
You barely miss the endoplasm. The kobold hits you but does no damage.
The endoplasm barely misses you.
You hit the kobold but do no damage. The kobold hits you with a +0 whip.
The endoplasm hits you but does no damage. x2
The kobold barely misses you.
You hit the endoplasm.
You kill the endoplasm!
The kobold barely misses you.
You slash the kobold!
You kill the kobold!
Found 4 gold pieces.
You see here a +0 whip.
h - a ruby potion You now have 45 gold pieces (gained 4).
As you open the door, it creaks loudly!
You hear a shout!
There is an open door here.
A goblin comes into view. It is wielding a +0 club.
You barely miss the goblin. The goblin hits you with a +0 club.
The goblin hits you but does no damage.
You miss the goblin.
An endoplasm comes into view.
The goblin hits you with a +0 club.
* * * LOW HITPOINT WARNING * * *
You barely miss the goblin. The goblin hits you but does no damage.
You closely miss the goblin. The goblin hits you but does no damage.
The goblin misses you.
You hit the goblin.
The goblin is severely wounded.
You block the goblin's attack.
You slash the endoplasm!
You kill the endoplasm!
The goblin hits you with a +0 club.
* * * LOW HITPOINT WARNING * * *
You hit the goblin but do no damage.
The goblin is severely wounded.
You block the goblin's attack. The goblin hits you with a +0 club.
You die...

##.....# #.......
.##....# #####.......
.##....# #..........
.......# #.........
.......# #.......#
.......# #.......#
.##....# #.......#
.##....###.......#
.##.............@## .
.##.....)........g####..
.##......................
.##......................
###...####.####.........#
#...# #.# #.........#
#...# #.# #.........#
#... #.# #.........# #..
#.# #.........#


You could see a goblin.

Vanquished Creatures
  2 endoplasms (D:1)
  A goblin (D:1)
  A hobgoblin (D:1)
  A kobold (D:1)
  A bat (D:1)
6 creatures vanquished.

Notes
Turn   | Place    | Note
-------+----------+-------------------------------------------
     0 | D:1      | Kazon the Demonspawn Fighter began the quest for the Orb.
     0 | D:1      | Reached XP level 1. HP: 18/18 MP: 1/1
    57 | D:1      | Identified a scroll of acquirement
    66 | D:1      | Acquired the +1 pair of gloves of the Doldrums {-Cast
                  | +Blink Regen+ rCorr}
   208 | D:1      | Slain by a goblin

Illustrated notes

Levels and vault maps discovered:
D:1:      dpeg_arrival_three_smaller_balls, layout_basic

Action                   || total
-------------------------++-------
Melee: Long sword        ||    26
  Use: Scroll            ||     1
Armor: Scale mail        ||    29
Dodge: Dodged            ||    21
Block: Buckler           ||    10
